 Dungeon Crawl Stone Soup version 0.21.0 (webtiles) character file.

72 tidbits the Sneak (level 4, 5/18 HPs)
             Began as a Felid Air Elementalist on Jan 7, 2018.
             Quit the game on level 3 of the Dungeon.
             The game lasted 00:04:28 (721 turns).

tidbits the Sneak (Felid Air Elementalist)           Turns: 721, Time: 00:04:29

Health: 5/18       AC:  1    Str:  3 (5)  XL:     4   Next: 6%
Magic:  7/8        EV: 18    Int: 13 (16) God:
Gold:   31         SH:  0    Dex: 15 (16) Spells: 6/7 levels left
                                        Lives:  1   Deaths: 0

rFire    . . .     SeeInvis +     - Unarmed
rCold    . . .     Gourm    .   (shield unavailable)
rNeg     . . .     Faith    .   (armour unavailable)
rPois    .         Spirit   .   (helmet unavailable)
rElec    .         Reflect  .   (cloak unavailable)
rCorr    .         Harm     .   (gloves unavailable)
MR       .....                  (boots unavailable)
Stlth    +++.......             (no amulet)
HPRegen  0.06/turn              (no ring)
MPRegen  0.11/turn              (no ring)

@: slowed, slow
A: very small, no armour, no weapons or thrown items, stealth, claws 1, fangs 3,
see invisible, carnivore, speed 1, shaggy fur 1, slow metabolism 1, sharp paws
a: no special abilities


You were on level 3 of the Dungeon.
You were full.

You visited 1 branch of the dungeon, and saw 3 of its levels.

You collected 31 gold pieces.

Inventory:

Missiles
 c - 27 arrows
Scrolls
 d - a scroll of identify {unknown}
 h - a scroll of random uselessness {unknown}
Potions
 e - a potion of magic {unknown}
Books
 a - a book of Air

   Spells                             Type                      Level
   a - Shock                          Conjuration/Air              1
   b - Swiftness                      Charms/Air                   2
   c - Static Discharge               Conjuration/Air              3
   d - Airstrike                      Air                          4
   e - Lightning Bolt                 Conjuration/Air              5
Comestibles
 b - 4 rations


   Skills:
 - Level 2.6 Dodging
 + Level 4.8 Stealth
 + Level 2.5 Unarmed Combat
 - Level 2.0 Spellcasting
 - Level 0.8 Conjurations
 - Level 2.6 Air Magic


You had 6 spell levels left.
You knew the following spells:

 Your Spells              Type           Power        Failure   Level  Hunger
a - Shock                 Conj/Air       #...         12%         1    ##.....


Dungeon Overview and Level Annotations

Branches:
Dungeon (3/15)

Altars:

Annotations:
D:3 Jessica


Innate Abilities, Weirdness & Mutations

You cannot wear armour.
You are incapable of wielding weapons or throwing items.
Your paws allow you to move quietly. (Stealth)
You have sharp claws.
You have razor-sharp teeth.
You have supernaturally acute eyesight. (SInv)
You are carnivorous and can eat meat at any time.
You cover ground quickly.
You are covered in fur. (AC +1)
You have a slow metabolism.
Your sharp claws are effective at attacking unaware monsters.


Message History

The jackal misses you. x2
Casting: Shock
Confirm with . or Enter, or press ? or * to list all spells.
Aiming: Shock
Press: ? - help, Shift-Dir - straight line The zap hits the jackal.
The jackal is almost dead.
The zap hits the jackal.
You kill the jackal!
The zap hits the jackal.
You kill the jackal!
Casting: Shock
Confirm with . or Enter, or press ? or * to list all spells.
Okay, then.
You start resting.
Eating one of 2 chunks of flesh.
You eat one of the 2 chunks of flesh.
This raw flesh tastes great.
Eating a chunk of flesh.
You eat the chunk of flesh.
This raw flesh tastes great.
Your magical contamination has completely faded away.
Wield which item (- for none, * to show all)? (? for menu, Esc to quit)
c - 27 arrows (in mouth)
You swing at nothing.
You swing at nothing.
You swing at nothing.
You swing at nothing.
You swing at nothing.
You swing at nothing.
You swing at nothing.
You swing at nothing.
You swing at nothing.
You swing at nothing.
You swing at nothing.
You swing at nothing.
You swing at nothing.
You swing at nothing.
You swing at nothing.
You swing at nothing.
You swing at nothing.
You swing at nothing.
You swing at nothing.
You swing at nothing.
You swing at nothing.
You swing at nothing.
You swing at nothing.
You swing at nothing.
You swing at nothing.
You swing at nothing.
You swing at nothing.
You swing at nothing.
You swing at nothing.
You swing at nothing.
Wield which item (- for none, * to show all)? (? for menu, Esc to quit)
Your mouth is now empty.
The bat misses you.
You miss the bat. The bat closely misses you. The bat hits you.
The bat barely misses you.
You completely miss the bat. The bat closely misses you.
The bat completely misses you.
You scratch the bat.
The bat is moderately wounded.
The bat misses you. The bat hits you.
* * * LOW HITPOINT WARNING * * *
You barely miss the bat. The bat barely misses you.
The bat hits you but does no damage. The bat barely misses you.
Casting: Shock
Confirm with . or Enter, or press ? or * to list all spells.
Aiming: Shock
Press: ? - help, Shift-Dir - straight line, f - bat
Aim: a bat The zap misses the bat.
The bat misses you. The bat hits you.
* * * LOW HITPOINT WARNING * * *
The bat hits you but does no damage. The bat closely misses you.
The bat barely misses you. The bat misses you.
Casting: Shock
Confirm with . or Enter, or press ? or * to list all spells.
Aiming: Shock
Press: ? - help, Shift-Dir - straight line, f/p - bat
Aim: a bat The zap hits the bat.
The bat is severely wounded.
The bat misses you. x2
Casting: Shock
Confirm with . or Enter, or press ? or * to list all spells.
Aiming: Shock
Press: ? - help, Shift-Dir - straight line, p - bat The zap misses the bat.
The zap hits the bat.
You kill the bat!
Jessica shouts!
You scratch Jessica but do no damage. Jessica hits you.
* * * LOW HITPOINT WARNING * * *
You scratch Jessica but do no damage.
Jessica mumbles some strange words.
Jessica blinks!
Jessica gestures at you while chanting.
You feel yourself slow down.
Okay, then.
Are you sure you want to abandon this character and quit the game? (Confirm with "yes".)

### ..### # ....# #.
###.#.# ##########
##..#...#.#
#.....†..#
........#.#
#.######.#
#......#.###.######.#
#....@@..........##.#
#..!.....###.#......#
#......### #.#.###..#
###.#### #.# # #..#
#.# #...###..# ##'##
###.....## ##...##
####.## ##.....##
#####.#####
#........##
##.........#


You could see Jessica.

Vanquished Creatures
  Natasha (twice) (D:3)
  2 dart slugs (D:1)
  3 bats
  A giant cockroach (D:1)
  A goblin (D:1)
  A hobgoblin (D:1)
  2 jackals (D:3)
  A ball python (D:1)
  2 frilled lizards (D:1)
  3 kobolds
  4 rats
22 creatures vanquished.

Notes
Turn   | Place    | Note
-------+----------+-------------------------------------------
     0 | D:1      | tidbits the Felid Air Elementalist began the quest for the Orb.
     0 | D:1      | Reached XP level 1. HP: 7/7 MP: 4/4
    95 | D:1      | Reached skill level 3 in Stealth
   163 | D:1      | Reached skill level 1 in Unarmed Combat
   163 | D:1      | Reached XP level 2. HP: 11/11 MP: 0/6
   456 | D:3      | Noticed Natasha
   462 | D:3      | Killed Natasha
   462 | D:3      | Reached skill level 4 in Stealth
   462 | D:3      | Reached skill level 2 in Unarmed Combat
   462 | D:3      | Reached XP level 3. HP: 14/14 MP: 3/7
   537 | D:3      | Noticed Natasha
   553 | D:3      | Killed Natasha
   590 | D:3      | Reached XP level 4. HP: 8/18 MP: 4/8
   606 | D:3      | Noticed Jessica
   721 | D:3      | Quit the game

Skill      XL: |  1  2 |
---------------+-------+-----
Stealth        | 3 4 |  4.8
Unarmed Combat | 1 2 |  2.5
Dodging        | |  2.6
Spellcasting   | |  2.0
Conjurations   | |  0.8
Air Magic      | |  2.6

Action                   |  1- 3 |  4- 6 || total
-------------------------+-------+-------++-------
Melee: Unarmed           |    41 |     6 ||    47
       Bite              |     2 |       ||     2
 Cast: Shock             |    20 |     6 ||    26
  Use: Scroll            |     1 |       ||     1
       Potion            |     3 |       ||     3
 Stab: Sleeping          |     5 |       ||     5
  Eat: Chunk             |     2 |     2 ||     4
Armor: Skin              |     2 |     2 ||     4
Dodge: Dodged            |    46 |    21 ||    67

Table legend:
 A = Turns spent in this place as a percentage of turns spent in the entire game.
 B = Non-inter-level travel turns spent in this place as a percentage of non-inter-level travel turns spent in the entire game.
 C = Inter-level travel turns spent in this place as a percentage of turns spent in this place.
 D = Turns resting spent in this place as a percentage of non-inter-level travel turns spent in this place.
 E = Turns spent auto-exploring this place as a percentage of non-inter-level travel turns spent in this place.
 F = Non-inter-level travel turns spent in this place divided by the number of levels of this place that you've seen.
                   A       B       C       D       E      F
               +-------+-------+-------+-------+-------+----------------------
         Total | 100.0 | 100.0 |  10.7 |   2.8 |   0.0 | 214.7
       Dungeon | 100.0 | 100.0 |  10.7 |   2.8 |   0.0 | 214.7
               +-------+-------+-------+-------+-------+----------------------

Table legend:
 A = Kills in this place as a percentage of kills in entire the game.
 B = Kills by you in this place as a percentage of kills by you in the entire game.
 C = Kills by friends in this place as a percentage of kills by friends in the entire game.
 D = Other kills in this place as a percentage of other kills in the entire game.
 E = Experience gained in this place as a percentage of experience gained in the entire game.
 F = Experience gained in this place divided by the number of levels of this place that you have seen.
                   A       B       C       D       E      F
               +-------+-------+-------+-------+-------+----------------------
         Total | 100.0 | 100.0 |   N/A |   N/A | 100.0 |  34.3
       Dungeon | 100.0 | 100.0 |   N/A |   N/A | 100.0 |  34.3
               +-------+-------+-------+-------+-------+----------------------

Vault maps used:
D:1:      matt_arrival_refuge
D:2:      minmay_door_path, lemuel_crystal_altar, kennysheep_slug_shrine
D:3:      elyvilon_altar_3, nicolae_overflow_quartered_altars,
          minmay_misc_feat_square, grunt_dithmenos_smoke_and_mirrors,
          uniq_natasha, uniq_jessica, uniq_robin
